 Dungeon Crawl Stone Soup version 0.30-a0-737-gf23d94013f (webtiles) character file.

Game seed: 11907525560251546818

76871 lesbiats the Brawler (level 15, -15/156 HPs)
             Began as a Troll Fighter on Jan 30, 2023.
             Was the Champion of Wu Jian.
             Demolished by Rupert
             ... wielding a +2 vampiric great sword
              (33 damage)
             ... on level 13 of the Dungeon on Feb 2, 2023.
             The game lasted 01:37:33 (21550 turns).

lesbiats the Brawler (Troll Fighter)               Turns: 21550, Time: 01:37:33

Health: -15/156    AC: 13    Str: 28    XL:     15   Next: 13%
Magic:  14/14      EV: 10    Int: 10    God:    Wu Jian [******]
Gold:   2538       SH: 15    Dex:  9    Spells: 8/14 levels left

rFire   . . .      SeeInvis .      - Unarmed
rCold   . . .      Faith    .    W - +0 kite shield
rNeg    + . .      Spirit   .    Z - +2 robe {Will+}
rPois   +          Reflect  +    (helmet restricted)
rElec   .          Harm     +    f - +2 cloak of Untruth {Harm rN+ Will++}
rCorr   .          Rampage  .    (gloves unavailable)
Will    ++++.                    (boots unavailable)
Stlth   +                        X - amulet of reflection
HPRegen 1.26/turn                a - ring of poison resistance
MPRegen 0.14/turn                o - +4 ring of protection

@: no status effects
A: large, unfitting armour, claws 3, regeneration 1, shaggy fur 1, tough skin 1
a: Renounce Religion, Wall Jump, Serpent's Lash, Heavenly Storm


You were on level 13 of the Dungeon.
You worshipped Wu Jian.
Wu Jian was exalted by your worship.
You visited 4 branches of the dungeon, and saw 21 of its levels.
You also visited: Sewer and Bailey.

You collected 4506 gold pieces.
You spent 1968 gold pieces at shops.

Inventory:

Hand Weapons
 b - a +9 scimitar of flaming
Missiles
 j - 26 poisoned darts (quivered)
 m - 2 large rocks
 q - 5 silver javelins
 v - 3 boomerangs of dispersal
 K - 22 boomerangs
 N - 10 curare-tipped darts
 U - 7 atropa-tipped darts
Armour
 f - the +2 cloak of Untruth (worn) {Harm rN+ Will++}
   (You acquired it on level 11 of the Dungeon)

   rN:        It protects you from negative energy.
   Harm:      It increases damage dealt and taken.
   Will:      It greatly increases your willpower.
 W - a +0 kite shield (worn)
 Z - a +2 robe of willpower (worn)
Jewellery
 a - a ring of poison resistance (left claw)
 o - a +4 ring of protection (right claw)
 X - an amulet of reflection (around neck)
Wands
 d - a wand of polymorph (8)
 D - a wand of flame (46)
 I - a wand of charming (22)
 S - a wand of roots (5)
Scrolls
 k - 7 scrolls of teleportation
 n - 7 scrolls of blinking
 t - a scroll of torment {unknown}
 w - 2 scrolls of acquirement
 y - 4 scrolls of immolation {unknown}
 A - 3 scrolls of fog {unknown}
 C - 4 scrolls of poison {unknown}
 G - 2 scrolls of fear {unknown}
 H - a scroll of magic mapping {unknown}
 M - 3 scrolls of vulnerability {unknown}
 Q - 5 scrolls of butterflies
 T - a scroll of enchant armour {unknown}
Potions
 c - 2 potions of might
 g - a potion of brilliance {unknown}
 i - 5 potions of haste
 l - 12 potions of curing
 p - 5 potions of ambrosia
 r - 4 potions of lignification
 s - 3 potions of berserk rage
 u - 6 potions of resistance
 x - 6 potions of heal wounds
 B - 7 potions of flight
 E - 7 potions of attraction
 R - a potion of invisibility {unknown}
Miscellaneous
 e - a piece from Xom's chessboard (15/15)
 V - a lightning rod (4/4)
 Y - a tin of tremorstones (2/2)


   Skills:
 + Level 11.8 Fighting
 * Level 7.8 Dodging
 + Level 8.6 Shields
 * Level 18.8 Unarmed Combat
 - Level 3.9 Transmutations
 - Level 4.5 Earth Magic


You had 8 spell levels left.
You knew the following spells:

 Your Spells              Type           Power      Damage    Failure   Level
a - Statue Form           Tmut/Erth      5%         N/A       100%        6

Your spell library contained the following spells:

 Spells                   Type           Power      Damage    Failure   Level
 Beastly Appendage        Tmut           14%        N/A       14%         1
 Wereblood                Tmut           7%         N/A       22%         2
 Foxfire                  Conj/Fire      0%         2x1d4     58%         1
 Spider Form              Tmut/Pois      3%         N/A       69%         3
 Lesser Beckoning         Tloc           0%         N/A       73%         2
 Sublimation of Blood     Necr           0%         N/A       73%         2
 Ignite Poison            Fire/Tmut/Pois 2%         N/A       78%         3
 Petrify                  Tmut/Erth      8%         N/A       78%         4
 Gell's Gravitas          Tloc           0%         N/A       91%         3
 Kindle Blastsparks       Fire/Tloc/Air  0%         2d10      91%         3
 Summon Guardian Golem    Hex/Summ       0%         N/A       91%         3
 Teleport Other           Tloc           0%         N/A       91%         3
 Leda's Liquefaction      Hex/Erth       2%         N/A       96%         4
 Lee's Rapid Deconstruct  Erth           4%         3d5*      97%         5
 Animate Dead             Necr           0%         N/A       100%        4
 Borgnjor's Vile Clutch   Necr/Erth      2%         N/A       100%        5
 Fireball                 Conj/Fire      0%         3d3       100%        5
 Freezing Cloud           Conj/Ice/Air   0%         6-21      100%        5
 Irradiate                Conj/Tmut      1%         3d12      100%        5
 Death Channel            Necr           0%         N/A       100%        6
 Iron Shot                Conj/Erth      2%         9d2       100%        6
 Orb of Destruction       Conj           0%         9d5       100%        7
 Spellforged Servitor     Conj/Summ      0%         N/A       100%        7
 Lehudib's Crystal Spear  Conj/Erth      2%         10d2      100%        8


Dungeon Overview and Level Annotations

Branches:
Dungeon (13/15)            Temple (1/1) D:4            Lair (5/5) D:11
 Shoals (0/4) Lair:3       Spider (0/4) Lair:3        Slime (0/5) Lair:5
    Orc (2/2) D:11            Elf (0/3) Orc:2         Sewer (visited)
 Bailey (visited)
 Vaults: D:13-14

Altars:
Ashenzari
Cheibriados
Dithmenos
Elyvilon
Gozag
Kikubaaqudgha
Makhleb
Okawaru
Qazlal
Ru
Sif Muna
Trog
Uskayaw
Vehumet
Wu Jian
Xom
Yredelemnul
Zin
Jiyva

Shops:
D:4 *   Orc:2 ==!!:

Annotations:
D:13 Rupert
Lair:4 3 runed translucent doors, Muuss's ghost, adept GnHW


Innate Abilities, Weirdness & Mutations

You are too large for most types of armour.
You have claws for hands.
Your natural rate of healing is unusually fast.
You are covered in fur. (AC +1)
You have tough skin. (AC +1)


Message History

Press: ? - help, Q - select action, (/) - cycle Shift-Dir - straight line, f/p - Rupert
Aim: Rupert, wielding a +2 vampiric great sword and wearing a +0 scale mail (lightly wounded, berserk, extremely poisoned, 64% to hit)
You throw a poisoned dart. The poisoned dart hits Rupert.
Rupert looks as sick as possible!
Rupert is lightly wounded.
Throw: 11 darts (curare)
Press: ? - help, Shift-Dir - straight line, f/p - Rupert
Aim: Rupert, wielding a +2 vampiric great sword and wearing a +0 scale mail (lightly wounded, berserk, extremely poisoned, 64% to hit)
You throw a curare-tipped dart. The curare-tipped dart hits Rupert.
Rupert looks as sick as possible!
Rupert convulses.
Rupert seems to slow down.
Rupert is lightly wounded.
Rupert hits you with a +2 vampiric great sword!!
Rupert draws strength from your wounds!
You hear a horrible gurgling sound!
You barely miss Rupert.
Rupert is lightly wounded.
A brown ugly thing comes into view.
You scratch Rupert.
Rupert is lightly wounded.
You block Rupert's attack.
You eviscerate Rupert!!!
Rupert is heavily wounded.
Rupert hits you with a +2 vampiric great sword!
You mangle Rupert!!
Rupert is severely wounded.
Rupert hits you with a +2 vampiric great sword!!
Rupert draws strength from your wounds!
You scratch Rupert.
Rupert is severely wounded.
You barely miss Rupert.
Rupert is severely wounded.
Rupert hits you with a +2 vampiric great sword!!
You barely miss Rupert.
Rupert is severely wounded.
Rupert hits you with a +2 vampiric great sword!!
* * * LOW HITPOINT WARNING * * *
Rupert attacks as you move away!
Rupert hits you with a +2 vampiric great sword!!
You die...

.................
#........<#......
........###......
.................
.................
.................
.......[.........
....[............
.........@.u.....
..........@......
...........(.....
............(....
.........####(...
.......... .(..
..######. ... .(


You could see Rupert (berserk, very poisoned, slow) and a brown ugly thing.

Vanquished Creatures
  An orc warlord (Bailey)
  Snorg (D:11)
  Josephine (D:11)
  Harold (D:10)
  2 hydras
  A catoblepas (Lair:5)
  2 centaur warriors
  A boulder beetle (D:11)
  5 ogre magi
  Erica (D:9)
  6 death yaks
  19 two-headed ogres
  A deep troll shaman (Lair:5)
  Sonja (D:11)
  A skeletal warrior (D:11)
  Pikel (D:6)
  A deep elf pyromancer (D:12)
  A lindwurm (Lair:5)
  3 orc knights
  A cyclops (Orc:2)
  3 manticores
  13 elephants
  A water nymph (Lair:3)
  6 black mambas
  A gargoyle (D:12)
  Maggie (D:8)
  3 kobold demonologists
  4 rime drakes
  12 cane toads
  An efreet (D:11)
  7 komodo dragons
  A queen bee (Lair:4)
  4 meliai
  A troll (Orc:1)
  2 polar bears
  A polar bear (shapeshifter) (D:13)
  11 blink frogs
  7 slime creatures
  A centaur simulacrum (D:11)
  A shadow (D:12)
  3 wyverns
  59 yaks
  5 wraiths (D:11)
  6 basilisks
  Grum (D:10)
  3 steam dragons
  4 vampire mosquitoes
  Edmund (D:6)
  4 wargs
  9 water moccasins
  An acid dragon (D:8)
  2 ice beasts
  29 orc warriors
  3 black bears
  2 sky beasts (D:7)
  25 ogres
  30 wolves
  9 centaurs
  4 lemures (D:6)
  4 phantoms
  Blork the orc (D:6)
  7 kobold brigands
  10 bullfrogs
  3 necrophages
  5 scorpions
  A gnoll sergeant (D:10)
  4 wights (D:10)
  31 killer bees
  8 howler monkeys
  4 hounds
  Crazy Yiuf (D:6)
  3 jellies
  15 orc priests
  5 iguanas
  Natasha (thrice) (D:2)
  26 orc wizards
  6 gnolls
  7 adders
  3 river rats (Sewer)
  A white imp (D:6)
  3 ufetubi
  3 worms
  6 dart slugs
  79 orcs
  12 ball pythons
  11 endoplasms
  8 giant cockroaches
  9 goblins
  8 hobgoblins
  15 jackals
  35 kobolds
  4 quokkas
  11 bats
  4 frilled lizards
  5 rats
  2 bushes (Lair:2)
695 creatures vanquished.

Vanquished Creatures (collateral kills)
  A gnoll (Bailey)
1 creature vanquished.

Vanquished Creatures (others)
  A vampire (D:12)
  An orc wizard (Orc:1)
  A kobold (D:7)
  19 fungi
  72 plants
94 creatures vanquished.

Grand Total: 790 creatures vanquished

Notes
Turn   | Place    | Note
-------+----------+-------------------------------------------
     0 | D:1      | lesbiats the Troll Fighter began the quest for the Orb.
     0 | D:1      | Reached XP level 1. HP: 22/22 MP: 0/0
    87 | D:1      | Reached XP level 2. HP: 29/29 MP: 1/1
   495 | D:2      | Reached XP level 3. HP: 36/36 MP: 2/2
   508 | D:2      | Found a bloodstained altar of Trog.
   596 | D:2      | Noticed Natasha
   605 | D:2      | Killed Natasha
   606 | D:2      | Reached skill level 3 in Unarmed Combat
   751 | D:2      | Reached XP level 4. HP: 40/44 MP: 3/3
   909 | D:2      | Noticed Natasha
   915 | D:2      | Killed Natasha
   965 | D:2      | Noticed Natasha
   971 | D:2      | Killed Natasha
  1058 | D:3      | Reached skill level 4 in Unarmed Combat
  1058 | D:3      | Reached XP level 5. HP: 42/53 MP: 4/4
  1243 | D:3      | Found a faded altar of an unknown god.
  1428 | D:3      | Found a shimmering altar of Xom.
  1442 | D:3      | Found a broken altar of Ashenzari.
  1706 | D:4      | Found Omuor's Assorted Antiques.
  1735 | D:4      | Found a sacrificial altar of Ru.
  1741 | D:4      | Noticed a phantom
  1747 | D:4      | Found a staircase to the Ecumenical Temple.
  1752 | D:4      | Killed a phantom
  1753 | D:4      | Reached XP level 6. HP: 49/61 MP: 5/5
  1863 | D:4      | HP: 1/61 [orc/+1 dagger of electrocution (17)]
  1895 | D:4      | Found an iron altar of Okawaru.
  1905 | D:4      | Reached skill level 5 in Unarmed Combat
  2081 | D:4      | Found a glowing drain.
  2097 | Sewer    | Entered a sewer
  2393 | Sewer    | Reached XP level 7. HP: 58/68 MP: 6/6
  2423 | Sewer    | Identified 4 scrolls of acquirement
  2909 | D:4      | Reached skill level 6 in Unarmed Combat
  3137 | Temple   | Entered the Ecumenical Temple
  3148 | Temple   | Became a worshipper of the Wu Jian Council
  3260 | D:5      | Entered Level 5 of the Dungeon
  3277 | D:5      | Acquired 655 gold pieces
  3399 | D:5      | Reached skill level 1 in Earth Magic
  3467 | D:5      | HP: 3/71 [something (20)]
  3549 | D:5      | Found a snail-covered altar of Cheibriados.
  3611 | D:5      | Reached XP level 8. HP: 79/79 MP: 7/7
  3685 | D:5      | Reached skill level 5 in Shields
  3728 | D:5      | Reached skill level 7 in Unarmed Combat
  4253 | D:6      | Reached * piety under Wu Jian
  4273 | D:6      | Reached skill level 5 in Fighting
  4427 | D:6      | Noticed Pikel
  4465 | D:6      | Killed Pikel
  4466 | D:6      | Reached skill level 8 in Unarmed Combat
  4466 | D:6      | Reached XP level 9. HP: 48/88 MP: 8/8
  4778 | D:6      | Noticed Blork the orc
  4784 | D:6      | Killed Blork the orc
  4856 | D:6      | Reached skill level 9 in Unarmed Combat
  4860 | D:6      | Noticed Edmund
  4872 | D:6      | Killed Edmund
  4996 | D:6      | Found a runed translucent door.
  4997 | D:6      | Noticed Crazy Yiuf
  5137 | D:6      | Killed Crazy Yiuf
  5534 | D:7      | Acquired 893 gold pieces
  5602 | D:7      | Reached ** piety under Wu Jian
  5763 | D:7      | Identified the +5 falchion of Bodily Harmony {protect, rC++
                  | Str+3}
  5952 | D:7      | Reached XP level 10. HP: 98/98 MP: 9/9
  6344 | D:8      | Reached skill level 10 in Unarmed Combat
  6682 | D:8      | Reached skill level 1 in Transmutations
  6690 | D:8      | Noticed Maggie
  6707 | D:8      | Killed Maggie
  7087 | D:9      | Found a flagged portal.
  7112 | Bailey   | Entered a bailey
  7134 | Bailey   | Noticed an orc warlord
  7182 | Bailey   | Noticed an orc knight
  7200 | Bailey   | Killed an orc knight
  7200 | Bailey   | Reached *** piety under Wu Jian
  7316 | Bailey   | Found a runed translucent gate.
  7333 | Bailey   | Found a runed translucent gate.
  7335 | Bailey   | Found a runed translucent gate.
  7408 | Bailey   | Killed an orc warlord
  7409 | Bailey   | Reached skill level 11 in Unarmed Combat
  7472 | Bailey   | Identified the +5 spear of Hepliaklqana's Favour {heavy,
                  | rN+ Will+ Dex-3}
  7745 | D:9      | Reached XP level 11. HP: 86/109 MP: 10/10
  8037 | D:9      | Noticed Erica
  8047 | D:9      | Killed Erica
  8195 | D:9      | You fall into a shaft and drop 1 floor!
  8195 | D:10     | Entered Level 10 of the Dungeon
  8197 | D:10     | Noticed Harold
  8212 | D:10     | Found an opulent altar of Gozag.
  8455 | D:10     | Noticed Grum
  8466 | D:10     | Killed Grum
  8605 | D:10     | Reached **** piety under Wu Jian
  9324 | D:10     | Killed Harold
  9325 | D:10     | Reached skill level 12 in Unarmed Combat
  9533 | D:11     | Noticed a centaur warrior
  9541 | D:11     | Killed a centaur warrior
  9863 | D:11     | Noticed Sonja
  9893 | D:11     | Noticed a skeletal warrior
 10251 | D:11     | Killed a skeletal warrior
 10559 | D:11     | Noticed Snorg
 10580 | D:11     | Killed Snorg
 10599 | D:11     | Noticed a boulder beetle
 10619 | D:11     | Killed a boulder beetle
 10620 | D:11     | Reached skill level 13 in Unarmed Combat
 10636 | D:11     | Found a staircase to the Lair.
 10667 | D:11     | Acquired 904 gold pieces
 10725 | Lair:1   | Entered Level 1 of the Lair of Beasts
 10846 | Lair:1   | Reached XP level 12. HP: 114/120 MP: 11/11
 11467 | Lair:1   | Reached skill level 14 in Unarmed Combat
 11923 | D:4      | Bought a bubbling silvery potion for 23 gold pieces
 11923 | D:4      | Bought a scroll labelled COUCSEROOR for 26 gold pieces
 11923 | D:4      | Bought a bubbling silvery potion for 23 gold pieces
 11923 | D:4      | Bought a scroll labelled EPNERE ZIJEASS for 26 gold pieces
 11923 | D:4      | Bought a bubbling silvery potion for 23 gold pieces
 12150 | Lair:2   | Upgraded the game from 0.30-a0-728-gc68057be0a to
                  | 0.30-a0-737-gf23d94013f
 12180 | Lair:2   | Reached ***** piety under Wu Jian
 12380 | Lair:2   | Noticed a death yak
 12385 | Lair:2   | Noticed a death yak
 12390 | Lair:2   | Noticed a death yak
 12392 | Lair:2   | Killed a death yak
 12447 | Lair:1   | Killed a death yak
 12544 | Lair:2   | Killed a death yak
 12545 | Lair:2   | Reached skill level 15 in Unarmed Combat
 13149 | Lair:3   | Found a glowing silver altar of Zin.
 13209 | Lair:3   | Reached XP level 13. HP: 65/132 MP: 12/12
 13784 | Lair:3   | Found a hole to the Spider Nest.
 14487 | Lair:4   | Found a runed translucent gate.
 14487 | Lair:4   | Found a runed translucent gate.
 14487 | Lair:4   | Found a runed translucent gate.
 14500 | Lair:4   | Reached skill level 10 in Fighting
 14512 | Lair:4   | Reached skill level 16 in Unarmed Combat
 14566 | Lair:4   | Noticed Muuss's ghost (adept GnHW)
 14903 | Lair:4   | Found a bloodstained altar of Trog.
 15203 | Lair:4   | Reached ****** piety under Wu Jian
 15712 | Lair:5   | Entered Level 5 of the Lair of Beasts
 15819 | Lair:5   | Reached skill level 5 in Dodging
 16224 | Lair:5   | Found a runed translucent door.
 16225 | Lair:5   | Found a viscous altar of Jiyva.
 16227 | Lair:5   | Found a staircase to the Slime Pits.
 16356 | Lair:5   | Reached skill level 17 in Unarmed Combat
 16444 | Lair:5   | Reached XP level 14. HP: 144/144 MP: 13/13
 16797 | Lair:5   | Identified the +4 whip of Nagil {heavy, +Blink rElec Will+
                  | Stlth-}
 17359 | D:11     | Acquired the +2 cloak of Untruth {Harm rN+ Will++}
 17542 | D:11     | Noticed Josephine
 17551 | D:11     | Killed Josephine
 17894 | D:11     | Found a staircase to the Orcish Mines.
 18708 | D:11     | Killed Sonja
 19670 | Orc:1    | Entered Level 1 of the Orcish Mines
 19704 | D:11     | Reached skill level 18 in Unarmed Combat
 20290 | Orc:2    | Entered Level 2 of the Orcish Mines
 20355 | Orc:2    | Found Vaotzicuen's Book Shoppe.
 20361 | Orc:2    | Reached XP level 15. HP: 105/156 MP: 14/14
 20442 | Orc:2    | Bought the Precepts of Arcane Weapons for 576 gold pieces
 20615 | Orc:2    | Found a staircase to the Elven Halls.
 20652 | Orc:2    | Found Peij's Jewellery Shop.
 20652 | Orc:2    | Found Efiatamou's Jewellery Emporium.
 20653 | Orc:2    | Found Voxte's Distillery.
 20653 | Orc:2    | Found Wyta Serunu's Distillery.
 20664 | Orc:2    | Bought a potion of flight for 30 gold pieces
 21049 | Orc:2    | Learned a level 6 spell: Statue Form
 21403 | Orc:2    | Bought a ring of flight for 245 gold pieces
 21404 | Orc:2    | Bought a ring of protection from cold for 350 gold pieces
 21405 | Orc:2    | Bought a potion of heal wounds for 50 gold pieces
 21405 | Orc:2    | Bought a potion of curing for 30 gold pieces
 21405 | Orc:2    | Bought a potion of resistance for 100 gold pieces
 21405 | Orc:2    | Bought a potion of haste for 100 gold pieces
 21405 | Orc:2    | Bought a potion of haste for 100 gold pieces
 21408 | Orc:2    | Bought a potion of magic for 112 gold pieces
 21408 | Orc:2    | Bought a potion of heal wounds for 70 gold pieces
 21408 | Orc:2    | Bought 2 potions of curing for 84 gold pieces
 21528 | D:13     | Noticed Rupert
 21550 | D:13     | Demolished by Rupert

Illustrated notes

Levels and vault maps discovered:
D:1:      sevenhm_arrival_forest_fort_large_4, layout_rooms,
          minmay_misc_feat_pillars
D:2:      layout_loops_ring, basic_altar, minmay_statues_item, uniq_natasha
D:3:      layout_basic, mainiacjoe_overflow_large_starburst,
          shapermc_ecumenical_altar_starsandcircs, hangedman_decor_riveting,
          minmay_circle_x
D:4:      cheibrodos_barr_body, layout_basic, mainiacjoe_overflow_boulevard,
          hellmonk_okawaru_the_only_friend_you_need,
          minmay_temple_entry_statues_fountains, serial_shops,
          nicolae_shop_trees, portal_sewer_entry_c, serial_bayou_lagoon_a,
          hangedman_decor_peaks_small, kennysheep_generic_room_4
D:5:      lemuel_ice_spiral_2, layout_basic, cheibrodos_worm_habitat
D:6:      layout_loops_ring, grunt_ministairs_7, uniq_edmund,
          uniq_crazy_yiuf_cottage, uniq_pikel, uniq_blork_the_orc
D:7:      layout_basic
D:8:      layout_loops_corners, uniq_maggie
D:9:      layout_long_grid, enter_bailey_6, chequers_serial_rivers_room_b,
          uniq_erica
D:10:     layout_basic, old_standard_altar, serial_bayou_pond_d,
          nicolae_figureground_pulse, uniq_harold, uniq_grum
D:11:     layout_long_grid, erik_lair_orcish_takeover, orc_0_dummy, kb_rosetta,
          uniq_sonja, uniq_snorg, uniq_josephine
D:12:     layout_irregular_city
D:13:     layout_cross, uniq_rupert
Temple:   lightli_temple_of_artemis
Lair:1:   layout_roguey, grunt_forest_large_clearings
Lair:2:   layout_misc_corridors, serial_forest, infiniplex_forest_straight_2,
          infiniplex_forest_clump_medium, infiniplex_forest_end_2,
          infiniplex_forest_straight_5, infiniplex_forest_pool,
          infiniplex_forest_join, st_stairs_3
Lair:3:   layout_regular_city, nicolae_shoals_entry_flooding,
          hellmonk_spider_entry_not_the_bees, basic_altar, serial_bayou_shore_b
Lair:4:   layout_roguey [special_room_bee], gammafunk_ghost_icy, basic_altar,
          serial_bayou_shore_b
Lair:5:   grunt_lair_end_beastmaster, layout_small_grid, slime_entry_2
Orc:1:    layout_caves, basic_altar
Orc:2:    st_orc_ogre_mass, layout_caves, serial_shops, shop,
          nicolae_orc_bridge_out

Skill      XL: |  1  2  3  4  5  6  7  8  9 10 11 12 13 14 |
---------------+-------------------------------------------+-----
Shields        | 3 4 5 6 7 8 |  8.6
Unarmed Combat | 3 4 5 6 8 9 11 13 15 17 18 | 18.8
Fighting       | 3 4 5 6 7 8 9 10 11 | 11.8
Earth Magic    | 1 3 4 |  4.5
Transmutations | 2 3 |  3.9
Dodging        | 3 5 7 |  7.8

Action                     |  1- 3 |  4- 6 |  7- 9 | 10-12 | 13-15 || total
---------------------------+-------+-------+-------+-------+-------++-------
  Melee: Unarmed           |    82 |   240 |   354 |   730 |   867 ||  2273
         Scimitar          |       |       |       |       |    11 ||    11
  Throw: Dart              |       |       |       |    25 |    17 ||    42
         Throwing net      |       |       |       |     2 |     2 ||     4
 Invoke: Heavenly Storm    |       |       |       |       |     1 ||     1
Ability: Lunge             |       |       |    27 |    50 |    70 ||   147
         Whirlwind         |       |       |     1 |    96 |   321 ||   418
  Evoke: Wand              |       |       |       |    10 |    11 ||    21
    Use: Scroll            |       |     4 |     4 |    12 |     9 ||    29
         Potion            |       |     1 |     2 |     3 |     1 ||     7
   Stab: Petrified         |       |       |       |       |     9 ||     9
         Petrifying        |       |       |       |       |     1 ||     1
         Sleeping          |       |       |       |       |     1 ||     1
 Armour: Robe              |    23 |   107 |    71 |       |    41 ||   242
         Steam dragon scal |       |       |     6 |   187 |    96 ||   289
  Dodge: Dodged            |    30 |   101 |    85 |   156 |   153 ||   525
  Block: Kite shield       |    26 |   100 |   104 |   342 |   398 ||   970
         Reflection        |       |       |       |     1 |    11 ||    12

Table legend: (Time is in decaauts)
 A = Elapsed time spent in this place.
 B = Non-inter-level travel time spent in this place.
 C = Inter-level travel time spent in this place.
 D = Time resting spent in this place.
 E = Time spent auto-exploring this place.
 F = Levels seen in this place.
 G = Mean time per level.
                   A        B        C        D        E       F      G
               +--------+--------+--------+--------+--------+-----+--------+
         Total |  21483 |  17262 |   4221 |   1672 |   9546 |  23 |  934.0 |
       Dungeon |  12631 |   9918 |   2713 |    778 |   5948 |  13 |  971.6 |
        Temple |     22 |      5 |     17 |      0 |      2 |   1 |   22.0 |
          Lair |   6165 |   4915 |   1250 |    764 |   2456 |   5 | 1233.0 |
  Orcish Mines |   1444 |   1204 |    240 |     70 |    772 |   2 |  722.0 |
         Sewer |    685 |    685 |      0 |      0 |    279 |   1 |  685.0 |
        Bailey |    534 |    534 |      0 |     60 |     89 |   1 |  534.0 |
               +--------+--------+--------+--------+--------+-----+--------+

Top non-repeatable levels by time:
    D:11: 2219 daAuts
    D:10: 1551 daAuts
  Lair:3: 1381 daAuts
  Lair:4: 1327 daAuts
  Lair:5: 1271 daAuts
  Lair:1: 1265 daAuts
     D:8: 1183 daAuts
     D:4: 1179 daAuts
     D:5: 1086 daAuts
     D:6: 1074 daAuts
     D:7: 1070 daAuts
   Orc:2: 924 daAuts
  Lair:2: 919 daAuts
    D:12: 848 daAuts
     D:9: 799 daAuts
